 Dungeon Crawl Stone Soup version 0.25-b1-37-g2669288c55 (webtiles) character file.

Game seed: 5520000646627455125

131 lepoulpe303 the Shooter (level 4, 0/23 HPs)
             Began as a Spriggan Hunter on June 5, 2020.
             Slain by an orc priest (3 damage)
             ... on level 3 of the Dungeon.
             The game lasted 00:09:08 (3555 turns).

lepoulpe303 the Shooter (Spriggan Hunter)           Turns: 3555, Time: 00:09:09

Health: 0/23       AC:  2    Str:  9    XL:     4   Next: 91%
Magic:  5/5        EV: 20    Int: 12    God:
Gold:   109        SH:  0    Dex: 16    Spells: 3/3 levels left

rFire    . . .     SeeInvis +   b - +1 shortbow
rCold    . . .     Gourm    .   (shield currently unavailable)
rNeg     . . .     Faith    .   c - +0 robe
rPois    .         Spirit   .   (helmet restricted)
rElec    .         Reflect  .   (no cloak)
rCorr    .         Harm     .   (gloves unavailable)
MR       .....                  (boots unavailable)
Stlth    +++.......             (no amulet)
HPRegen  0.07/turn              (no ring)
MPRegen  0.09/turn              (no ring)

@: very quick
A: very small, unfitting armour, see invisible, herbivore, speed 3, slow
metabolism 2
a: no special abilities


You were on level 3 of the Dungeon.
You were not hungry.

You visited 1 branch of the dungeon, and saw 3 of its levels.

You collected 109 gold pieces.

Inventory:

Hand Weapons
 a - a +0 short sword
 b - a +1 shortbow (weapon)
Missiles
 i - 16 poisoned darts
 Q - 9 arrows (quivered)
Armour
 c - a +0 robe (worn)
Jewellery
 h - a +6 ring of intelligence {unknown}
 k - a +6 ring of intelligence {unknown}
 l - an uncursed ring of stealth {unknown}
Scrolls
 d - a scroll of noise {unknown}
 f - 3 scrolls of identify {unknown}
 g - 2 scrolls of amnesia {unknown}
 m - a scroll of enchant armour {unknown}
Potions
 j - a potion of lignification {unknown}
Comestibles
 e - 5 rations


   Skills:
 + Level 2.2 Fighting
 * Level 5.7 Bows
 * Level 4.5 Dodging
 * Level 4.2 Stealth


You had 3 spell levels left.
You didn't know any spells.
Your spell library was empty.

Dungeon Overview and Level Annotations

Branches:
Dungeon (3/15)

Altars:
Ashenzari
Cheibriados
Elyvilon


Innate Abilities, Weirdness & Mutations

You are very small and have problems with some larger weapons.
You are too small for most types of armour.
You have supernaturally acute eyesight. (SInv)
You are a herbivore.
You cover ground extremely quickly.
You need to consume almost no food.


Message History

MASSIVE DAMAGE!!
a - a +0 short sword (weapon)
You closely miss the orc priest. The orc priest barely misses you.
You barely miss the orc priest. The orc priest misses you.
An orc comes into view. It is wielding a -2 hand axe.
The orc shouts!
You hit the orc priest. The orc priest misses you. x2
You hit the orc priest. The orc priest closely misses you.
You hit the orc priest. The orc priest closely misses you.
You hit the orc priest.
The orc priest calls down the wrath of Beogh upon you.
Pain shoots through your body!
* * * LOW HITPOINT WARNING * * *
You take 8 damage, and have 3/23 hp.
MASSIVE DAMAGE!!
b - a +1 shortbow (weapon)
Firing (i - inventory)
Q - 10 arrows (quivered)
Aim: an orc priest (severely wounded)
You shoot an arrow. The arrow hits the orc priest.
The orc priest hits you.
You die...

### #<# #)# ..#
#.# #....#####
#.#
(....oo@.####)#
#...(###.#..).#
(.. ##.#....###
. #.........#
#######...#
#####


You could see an orc priest and an orc.

Levels and vault maps discovered:
D:1:      kennysheep_arrival_seaside, layout_basic, serial_corexii_hall,
          corexii_hall_statues_i, corexii_hall_statues_t,
          corexii_hall_statues_x, chequers_hall_statues_wall_a
D:2:      layout_basic, cheibriados_altar_1, elyvilon_altar_5, first_ration,
          nicolae_ashenzari_panopticon
D:3:      minmay_chambers_of_twos, layout_basic

Notes
Turn   | Place    | Note
-------+----------+-------------------------------------------
     0 | D:1      | lepoulpe303 the Spriggan Hunter began the quest for the
                  | Orb.
     0 | D:1      | Reached XP level 1. HP: 10/10 MP: 2/2
    26 | D:1      | Identified a +0 short sword
    27 | D:1      | Identified a cursed +0 club
    27 | D:1      | Identified a +0 whip
    56 | D:1      | Identified a +1 shortbow
    63 | D:1      | Reached skill level 2 in Stealth
   126 | D:1      | Identified a +0 club
   221 | D:1      | HP: 2/10 [jackal (2)]
   239 | D:1      | Reached skill level 5 in Bows
   459 | D:1      | Identified a +0 dagger
   478 | D:1      | Reached XP level 2. HP: 12/14 MP: 3/3
   768 | D:1      | Identified a +0 club
  1041 | D:1      | Identified a +0 club
  1048 | D:1      | Reached skill level 3 in Stealth
  1071 | D:1      | Identified a +0 club
  1166 | D:1      | Identified a +0 club
  1168 | D:1      | Identified a +0 dagger
  1220 | D:1      | Reached XP level 3. HP: 18/18 MP: 4/4
  1240 | D:1      | Identified a +0 club
  1318 | D:1      | Identified a +0 dagger
  1544 | D:2      | Found a shattered altar of Ashenzari.
  1581 | D:2      | Identified a +0 dagger
  1581 | D:2      | Identified a +0 dagger
  1749 | D:2      | Identified a +0 club
  1795 | D:2      | Identified a +0 dagger
  1869 | D:2      | Identified a +0 club
  2146 | D:2      | HP: 4/18 [poisoned by an adder]
  2153 | D:2      | HP: 3/18 [poisoned by an adder]
  2159 | D:2      | HP: 3/18 [poisoned by an adder]
  2729 | D:2      | Reached skill level 2 in Fighting
  2729 | D:2      | Reached skill level 4 in Dodging
  2729 | D:2      | Reached XP level 4. HP: 14/23 MP: 5/5
  2893 | D:2      | Identified a +0 flail
  2893 | D:2      | Identified a +0 ring mail
  3005 | D:2      | Found a snail-covered altar of Cheibriados.
  3063 | D:2      | Found a white marble altar of Elyvilon.
  3484 | D:3      | Identified a +0 dagger
  3485 | D:3      | Identified a +0 falchion
  3485 | D:3      | Identified a +0 mace
  3485 | D:3      | Identified a +0 mace
  3509 | D:3      | Reached skill level 4 in Stealth
  3549 | D:3      | Identified a cursed -2 hand axe
  3553 | D:3      | HP: 3/23 [orc priest/nerve-wracking pain (8)]
  3555 | D:3      | Slain by an orc priest

Table legend:
 A = Turns spent in this place as a percentage of turns spent in the entire game.
 B = Non-inter-level travel turns spent in this place as a percentage of non-inter-level travel turns spent in the entire game.
 C = Inter-level travel turns spent in this place as a percentage of turns spent in this place.
 D = Turns resting spent in this place as a percentage of non-inter-level travel turns spent in this place.
 E = Turns spent auto-exploring this place as a percentage of non-inter-level travel turns spent in this place.
 F = Non-inter-level travel turns spent in this place divided by the number of levels of this place that you've seen.
                   A       B       C       D       E      F
               +-------+-------+-------+-------+-------+----------------------
         Total | 100.0 | 100.0 |   2.9 |  31.8 |  42.5 | 1151.0
       Dungeon | 100.0 | 100.0 |   2.9 |  31.8 |  42.5 | 1151.0
               +-------+-------+-------+-------+-------+----------------------

Table legend:
 A = Kills in this place as a percentage of kills in entire the game.
 B = Kills by you in this place as a percentage of kills by you in the entire game.
 C = Kills by friends in this place as a percentage of kills by friends in the entire game.
 D = Other kills in this place as a percentage of other kills in the entire game.
 E = Experience gained in this place as a percentage of experience gained in the entire game.
 F = Experience gained in this place divided by the number of levels of this place that you have seen.
                   A       B       C       D       E      F
               +-------+-------+-------+-------+-------+----------------------
         Total | 100.0 | 100.0 |   N/A |   N/A | 100.0 |  62.7
       Dungeon | 100.0 | 100.0 |   N/A |   N/A | 100.0 |  62.7
               +-------+-------+-------+-------+-------+----------------------

Skill      XL: |  1  2  3  4 |
---------------+-------------+-----
Stealth        | 2 3 4 |  4.2
Bows           | 5 |  5.7
Fighting       | 2 |  2.2
Dodging        | 4 |  4.5

Action                   |  1- 3 |  4- 6 || total
-------------------------+-------+-------++-------
Melee: Short sword       |   116 |    21 ||   137
 Fire: Shortbow          |    36 |    21 ||    57
Throw: Dart              |    16 |     6 ||    22
 Stab: Sleeping          |     4 |     1 ||     5
Armor: Robe              |    10 |     2 ||    12
Dodge: Dodged            |    99 |    20 ||   119

Vanquished Creatures
  A hound (D:2)
  An orc priest (D:3)
  2 adders (D:2)
  A worm (D:2)
  3 dart slugs
  3 orcs
  2 bats
  A giant cockroach (D:1)
  8 goblins
  4 hobgoblins
  4 jackals
  9 kobolds
  3 frilled lizards
  3 rats
45 creatures vanquished.
